 Dungeon Crawl Stone Soup version 0.29-a0-575-g0dc89cf053 (webtiles) character file.

Game seed: 11432228115008801163

2 DocClef the Covert (level 1, -1/23 HPs)
             Began as a Gnoll Delver on June 12, 2022.
             Was an Initiate of Okawaru.
             Slain by a phantom (6 damage)
             ... on level 3 of the Dungeon.
             The game lasted 00:01:15 (577 turns).

DocClef the Covert (Gnoll Delver)                    Turns: 577, Time: 00:01:15

Health: -1/23      AC:  3    Str: 11    XL:     1   Next: 30%
Magic:  1/1        EV: 13    Int:  9    God:    Okawaru [......]
Gold:   51         SH:  0    Dex: 13    Spells: 0/0 levels left

rFire   . . .      SeeInvis .   a - +0 short sword
rCold   . . .      Faith    .   (no shield)
rNeg    . . .      Spirit   .   b - +0 leather armour
rPois   .          Reflect  .   (no helmet)
rElec   .          Harm     .   (no cloak)
rCorr   .          Rampage  .   (no gloves)
Will    .....                   (no boots)
Stlth   ++++......              (no amulet)
HPRegen 0.07/turn               (no ring)
MPRegen 0.07/turn               (no ring)

@: no status effects
A: fangs 1, strong nose, distributed training
a: Renounce Religion


You were on level 3 of the Dungeon.
You worshipped Okawaru.
Okawaru was noncommittal.
You visited 2 branches of the dungeon, and saw 5 of its levels.

You collected 51 gold pieces.

Inventory:

Hand Weapons
 a - a +0 short sword (weapon)
Armour
 b - a +0 leather armour (worn)
Wands
 g - a wand of digging (3)
Scrolls
 c - a scroll of fog
 d - a scroll of magic mapping
 i - a scroll of identify {unknown}
Potions
 f - a potion of haste
 h - 2 potions of curing {unknown}


   Skills:
 + Level 6.4 Fighting
 + Level 4.4 Short Blades
 + Level 0.0 Long Blades
 + Level 0.0 Axes
 + Level 0.0 Maces & Flails
 + Level 0.0 Polearms
 + Level 0.0 Staves
 + Level 0.0 Slings
 + Level 0.0 Bows
 + Level 0.0 Crossbows
 + Level 0.0 Throwing
 + Level 0.0 Armour
 + Level 4.4 Dodging
 + Level 9.5 Stealth
 + Level 0.0 Shields
 + Level 0.0 Unarmed Combat
 + Level 0.0 Spellcasting
 + Level 0.0 Conjurations
 + Level 0.0 Hexes
 + Level 0.0 Summonings
 + Level 0.0 Necromancy
 + Level 0.0 Translocations
 + Level 0.0 Transmutations
 + Level 0.0 Fire Magic
 + Level 0.0 Ice Magic
 + Level 0.0 Air Magic
 + Level 0.0 Earth Magic
 + Level 0.0 Poison Magic
 + Level 0.1 Invocations
 + Level 0.0 Evocations


You couldn't memorise any spells.
You didn't know any spells.
Your spell library contained the following spells:

 Spells                   Type           Power      Damage    Failure   Level
 Sublimation of Blood     Necr           0%         N/A       63%         2
 Wereblood                Tmut           0%         N/A       63%         2
 Summon Hydra             Summ           Unusable   N/A       N/A         7

Dungeon Overview and Level Annotations

Branches:
Dungeon (6/15)             Temple (1/1) D:5

Altars:
Ashenzari
Cheibriados
Dithmenos
Elyvilon
Fedhas
Gozag
Kikubaaqudgha
Makhleb
Nemelex Xobeh
Okawaru
Qazlal
Ru
Sif Muna
Trog
Uskayaw
Vehumet
Wu Jian
Xom
Yredelemnul
Zin
The Shining One

Annotations:
D:4 Edmund


Innate Abilities, Weirdness & Mutations

You have very sharp teeth.
Your uncanny sense of smell can sniff out nearby items.
Your experience applies equally to all skills.


Message History

The phantom hits you.
You are too injured to fight recklessly!
You are too injured to fight recklessly!
You are too injured to fight recklessly!
You are too injured to fight recklessly!
You are too injured to fight recklessly!
You are too injured to fight recklessly!
You are too injured to fight recklessly!
You are too injured to fight recklessly!
You are too injured to fight recklessly!
You are too injured to fight recklessly!
You are too injured to fight recklessly!
You are too injured to fight recklessly!
You are too injured to fight recklessly!
You are too injured to fight recklessly!
You are too injured to fight recklessly!
You are too injured to fight recklessly!
You are too injured to fight recklessly!
You are too injured to fight recklessly!
You are too injured to fight recklessly!
You are too injured to fight recklessly!
You are too injured to fight recklessly!
You hit the phantom but do no damage.
The phantom is heavily damaged.
The phantom hits you.
* * * LOW HITPOINT WARNING * * *
The phantom blinks!
You blink.
An endoplasm comes into view.
Found a stone staircase leading down.
You hit the phantom.
The phantom is heavily damaged.
The phantom misses you.
You closely miss the phantom.
The phantom is heavily damaged.
The adder hisses angrily.
The endoplasm quivers.
You hit the phantom.
The phantom is severely damaged.
The phantom hits you.
You die...

########.## # .#
#.#####.####.##r#
########.#.............#
............##.###.##..#
............##.# #.#
.... ########....#
.###w##... # #.####
........> #.# #JS......
#.# #@##. #.# #W# .# .#
#.. .. ..## ### # ##..#


You could see a phantom, a worm, an adder and an endoplasm.

Vanquished Creatures
  An orc (D:5)
1 creature vanquished.

Notes
Turn   | Place    | Note
-------+----------+-------------------------------------------
     0 | D:5      | Reached skill level 9 in Stealth
     0 | D:5      | DocClef the Gnoll Delver began the quest for the Orb.
     0 | D:5      | Reached XP level 1. HP: 23/23 MP: 1/1
    10 | Temple   | Entered the Ecumenical Temple
   272 | Temple   | Became a worshipper of Warmaster Okawaru
   309 | D:5      | Noticed a hound
   309 | D:5      | Noticed a jelly
   347 | D:6      | Noticed a phantom
   347 | D:6      | Noticed an orc wizard
   347 | D:6      | Noticed an ice beast
   393 | D:4      | Noticed a phantom
   409 | D:5      | Noticed an ogre
   410 | D:5      | Noticed an ogre
   434 | D:4      | Noticed Edmund
   435 | D:4      | Noticed a black bear
   539 | D:3      | Noticed a phantom
   577 | D:3      | Slain by a phantom

Illustrated notes

Levels and vault maps discovered:
D:3:      layout_loops_ring, serial_shops, nicolae_shop_window_shopping,
          wad_orctagon
D:4:      layout_cave_pools, grunt_ministairs_9, uniq_edmund
D:5:      layout_cave_pools, minmay_temple_entry_statues_pillars
D:6:      layout_basic, nzn_hepliaklqana_mist_gate, kennysheep_cross_bottleneck,
          uniq_maggie, uniq_menkaure, uniq_grinder
Temple:   mainiacjoe_temple_hex_bubbles

Skill      XL: | |
---------------+-+-----
Stealth        | |  9.5
Fighting       | |  6.4
Short Blades   | |  4.4
Dodging        | |  4.4
Invocations    | |  0.1

Action                   || total
-------------------------++-------
Melee: Short sword       ||    23
       Bite              ||     2
  Use: Scroll            ||     1
Armor: Leather armour    ||     4
Dodge: Dodged            ||    17

Table legend: (Time is in decaauts)
 A = Elapsed time spent in this place.
 B = Non-inter-level travel time spent in this place.
 C = Inter-level travel time spent in this place.
 D = Time resting spent in this place.
 E = Time spent auto-exploring this place.
 F = Levels seen in this place.
 G = Mean time per level.
                   A        B        C        D        E       F      G
               +--------+--------+--------+--------+--------+-----+--------+
         Total |    574 |    507 |     67 |      0 |    320 |   5 |  114.8 |
       Dungeon |    278 |    278 |      0 |      0 |     95 |   4 |   69.5 |
        Temple |    295 |    228 |     67 |      0 |    225 |   1 |  295.0 |
               +--------+--------+--------+--------+--------+-----+--------+

Top non-repeatable levels by time:
  Temple: 295 daAuts
     D:3: 123 daAuts
     D:5: 102 daAuts
     D:4: 50 daAuts
     D:6: 1 daAuts
